 Dungeon Crawl Stone Soup version 0.27.1-34-g3ba077fa99 (webtiles) character file.

Game seed: 16875411298704012524

134 cbfl8 the Sneak (level 4, -11/40 HPs)
             Began as a Minotaur Delver on Jan 17, 2022.
             Mangled by an ogre (28 damage)
             ... on level 6 of the Dungeon.
             The game lasted 00:00:42 (332 turns).

cbfl8 the Sneak (Minotaur Delver)                    Turns: 332, Time: 00:00:42

Health: -11/40     AC:  5    Str: 17    XL:     4   Next: 95%
Magic:  3/3        EV: 11    Int:  8    God:
Gold:   33         SH:  0    Dex: 11    Spells: 3/3 levels left

rFire    . . .     SeeInvis .   a - +0 hand axe
rCold    . . .     Faith    .   (no shield)
rNeg     . . .     Spirit   .   h - +0 ring mail
rPois    .         Reflect  .   (helmet restricted)
rElec    .         Harm     .   (no cloak)
rCorr    .         Rampage  .   (no gloves)
Will     .....                  (no boots)
Stlth    ++........             (no amulet)
HPRegen  0.13/turn              (no ring)
MPRegen  0.08/turn              (no ring)

@: no status effects
A: horns 2, retaliatory headbutt
a: no special abilities


You were on level 6 of the Dungeon.
You visited 1 branch of the dungeon, and saw 2 of its levels.

You collected 33 gold pieces.

Inventory:

Hand Weapons
 a - a +0 hand axe (weapon)
 i - a +2 mace of protection
Armour
 b - a +0 leather armour
 h - a +0 ring mail (worn)
Wands
 g - a wand of digging (3)
Scrolls
 c - a scroll of fog
 d - a scroll of magic mapping
 e - a scroll of fear
Potions
 f - a potion of haste


   Skills:
 + Level 4.2 Fighting
 + Level 3.0 Axes
 + Level 0.5 Armour
 + Level 2.5 Dodging
 + Level 5.5 Stealth


You had 3 spell levels left.
You didn't know any spells.
Your spell library was empty.

Dungeon Overview and Level Annotations

Branches:
Dungeon (6/15)
 Temple: D:4-7

Altars:


Innate Abilities, Weirdness & Mutations

You have a pair of horns on your head.
You reflexively headbutt those who attack you in melee.


Message History

You headbutt the shadow imp.
You kill the shadow imp!
The orc hits you but does no damage.
Unknown command.
You hit the orc but do no damage.
The orc hits you with a +2 mace of protection.
Unknown command.
You hit the orc but do no damage. Your headbutt misses the orc.
The orc hits you with a +2 mace of protection.
Unknown command.
You hit the orc but do no damage. Your headbutt misses the orc.
The orc closely misses you.
Unknown command.
You hit the orc but do no damage. The orc hits you but does no damage.
Unknown command.
You closely miss the orc.
A wyvern comes into view.
The orc hits you with a +2 mace of protection.
The orc closely misses you. You furiously retaliate!
You headbutt the orc!
You kill the orc!
Unknown command.
An ogre comes into view. It is wielding a +0 giant club.
Things that are here:
a +2 mace of protection; an orc corpse
There are monsters nearby!
There are monsters nearby!
i - a +2 mace of protection The ogre shouts!
Setting a skill training target for Maces & Flails at 14.0.
There is a stone staircase leading down here.
The ogre barely misses you.
You climb downwards.
The ufetubus shouts!
Found 17 arrows.
There is a stone staircase leading up here.
You hit the ogre.
The ogre is lightly wounded.
The ogre hits you with a +0 giant club!!
Ouch! That really hurt!
You die...

#.
##...######
.......@..#
.......O..#
..........#
##.5(####...
#... ####
#.. #. ..


You could see an ogre and an ufetubus.

Vanquished Creatures
  A phantom (D:5)
  A scorpion (D:5)
  A shadow imp (D:5)
  An orc (D:5)
4 creatures vanquished.

Notes
Turn   | Place    | Note
-------+----------+-------------------------------------------
     0 | D:5      | cbfl8 the Minotaur Delver began the quest for the Orb.
     0 | D:5      | Reached XP level 1. HP: 19/19 MP: 0/0
    19 | D:5      | Noticed a phantom
    36 | D:5      | Killed a phantom
    37 | D:5      | Reached skill level 5 in Stealth
    37 | D:5      | Reached XP level 2. HP: 8/27 MP: 1/1
    37 | D:5      | Reached XP level 3. HP: 10/33 MP: 2/2
    37 | D:5      | Reached XP level 4. HP: 13/40 MP: 3/3
   101 | D:5      | Noticed a scorpion
   114 | D:5      | Killed a scorpion
   303 | D:5      | Noticed a wyvern
   304 | D:5      | Noticed an ogre
   332 | D:6      | Mangled by an ogre

Illustrated notes

Levels and vault maps discovered:
D:5:      layout_basic
D:6:      layout_loops_cross, serial_rivers, chequers_serial_rivers_large_a,
          chequers_serial_rivers_micro_c, chequers_serial_rivers_small_a,
          chequers_serial_rivers_micro_d, chequers_serial_rivers_room_b,
          grunt_decor_clamped

Skill      XL: |  1  2  3  4 |
---------------+-------------+-----
Fighting       | 4 |  4.2
Stealth        | 5 |  5.5
Axes           | 3 |  3.0
Armour         | |  0.5
Dodging        | |  2.5

Action                   |  1- 3 |  4- 6 || total
-------------------------+-------+-------++-------
Melee: Hand axe          |     7 |    13 ||    20
       Headbutt          |       |     1 ||     1
Armor: Ring mail         |     3 |     4 ||     7
Dodge: Dodged            |     7 |     9 ||    16
